 Dungeon Crawl Stone Soup version 0.29-a0-617-g7a6b98fccd (webtiles) character file.

Game seed: 3554777779802392080

139 DocClef the Skirmisher (level 5, -3/46 HPs)
             Began as a Draconian Enchanter on June 17, 2022.
             Slain by a gnoll
             ... wielding a +0 halberd
              (5 damage)
             ... on level 3 of the Dungeon.
             The game lasted 00:04:44 (3374 turns).

DocClef the Skirmisher (Draconian Enchanter)        Turns: 3374, Time: 00:04:44

Health: -3/46      AC:  6    Str: 10    XL:     5   Next: 1%
Magic:  8/8        EV: 12    Int: 16    God:
Gold:   165        SH:  0    Dex: 13    Spells: 6/8 levels left

rFire   . . .      SeeInvis .   a - +1 dagger
rCold   + . .      Faith    .   (no shield)
rNeg    . . .      Spirit   .   (body armour unavailable)
rPois   .          Reflect  .   (helmet restricted)
rElec   .          Harm     .   (no cloak)
rCorr   .          Rampage  +   (no gloves)
Will    .....                   h - +0 pair of boots {rampage}
Stlth   ++........              (no amulet)
HPRegen 0.15/turn               k - ring of protection from cold
MPRegen 0.11/turn               (no ring)

@: invisible
A: AC +5, unfitting armour, cold-blooded
a: no special abilities


You were on level 3 of the Dungeon.
You visited 1 branch of the dungeon, and saw 3 of its levels.

You collected 165 gold pieces.

Inventory:

Hand Weapons
 a - a +1 dagger (weapon)
Armour
 h - a +0 pair of boots of rampaging (worn)
Jewellery
 i - a ring of magical power
 k - a ring of protection from cold (left hand)
Scrolls
 c - 3 scrolls of teleportation
 d - a scroll of identify
Potions
 b - a potion of invisibility
 e - a potion of ambrosia
 j - a potion of attraction


   Skills:
 - Level 4.3 Fighting
 - Level 1.0 Short Blades
 - Level 1.7 Dodging
 - Level 3.6 Stealth
 + Level 2.1 Spellcasting
 - Level 2.6 Hexes


You had 6 spell levels left.
You knew the following spells:

 Your Spells              Type           Power      Damage    Failure   Level
a - Ensorcelled Hibernat  Hex/Ice        12%        N/A       19%         2

Your spell library contained the following spells:

 Spells                   Type           Power      Damage    Failure   Level
 Foxfire                  Conj/Fire      4%         2x1d4     21%         1
 Confusing Touch          Hex            10%        N/A       21%         3
 Tukima's Dance           Hex            10%        N/A       21%         3
 Dazzling Flash           Conj/Hex       12%        N/A       34%         3
 Inner Flame              Hex/Fire       6%         N/A       34%         3
 Conjure Flame            Conj/Fire      1%         6-21      52%         3
 Flame Wave               Conj/Fire      1%         2d4       90%         4


Dungeon Overview and Level Annotations

Branches:
Dungeon (3/15)

Altars:
Yredelemnul


Innate Abilities, Weirdness & Mutations

Your plain brown scales are hard. (AC +5)
You cannot fit into any form of body armour.
You are cold-blooded and may be slowed by cold attacks.


Message History

There is a stone staircase leading up here.
You climb upwards.
There is a stone staircase leading down here.
You start resting.
HP restored.
You climb downwards.
The gnoll hits you from afar with a +0 halberd!
There is a stone staircase leading up, spattered with blood here.
You rampage towards the gnoll!
You hit the gnoll.
Your tail-slap misses the gnoll.
The gnoll is moderately wounded.
The gnoll hits you with a +0 halberd.
You closely miss the gnoll.
The gnoll is moderately wounded.
The gnoll closely misses you.
You barely miss the gnoll.
You tail-slap the gnoll, but do no damage.
The gnoll is moderately wounded.
The gnoll hits you with a +0 halberd! The gnoll barely misses you.
You closely miss the gnoll.
The gnoll is moderately wounded.
The gnoll hits you with a +0 halberd!
The gnoll hits you from afar with a +0 halberd!
* * * LOW HITPOINT WARNING * * *
You hit the gnoll. You tail-slap the gnoll.
The gnoll is severely wounded.
The gnoll barely misses you. x2
You hit the gnoll.
Your tail-slap misses the gnoll.
The gnoll is almost dead.
The gnoll barely misses you.
The gnoll hits you from afar with a +0 halberd!
* * * LOW HITPOINT WARNING * * *
You hit the gnoll.
You kill the gnoll!
The gnoll barely misses you.
You have reached level 5!
You fade into invisibility!
The gnoll closely misses you.
You hit the gnoll but do no damage. The gnoll hits you with a +0 halberd.
You die...

#......######...
#.#.#### ##...
#######.#g########....
#.....(.#..........###
#.....###..#####...# #
#.....###..####..### #
#...............##
#...g.#........>#
#...<@#.........#
#.....#.........#
#.....#..^......#
#######...).....#
#.........#
###########


You could see a gnoll (can't see you).

Vanquished Creatures
  Jessica (D:2)
  5 gnolls
  3 adders
  An orc (D:3)
  2 bats
  3 endoplasms
  2 giant cockroaches
  5 goblins
  3 hobgoblins
  4 jackals (D:2)
  2 quokkas (D:2)
  2 ball pythons
  2 frilled lizards
  2 kobolds
  2 rats (D:2)
39 creatures vanquished.

Notes
Turn   | Place    | Note
-------+----------+-------------------------------------------
     0 | D:1      | DocClef the Draconian Enchanter began the quest for the
                  | Orb.
     0 | D:1      | Reached XP level 1. HP: 14/14 MP: 3/3
   391 | D:1      | Reached skill level 1 in Fighting
   540 | D:1      | Reached XP level 2. HP: 24/24 MP: 5/5
   600 | D:1      | Reached skill level 2 in Fighting
   693 | D:1      | Found a faded altar of an unknown god.
  1440 | D:2      | Reached skill level 3 in Fighting
  1440 | D:2      | Reached XP level 3. HP: 9/31 MP: 6/6
  1666 | D:2      | Learned a level 2 spell: Ensorcelled Hibernation
  1759 | D:2      | Found a basalt altar of Yredelemnul.
  2204 | D:3      | Reached skill level 4 in Fighting
  2282 | D:3      | Reached XP level 4. HP: 36/40 MP: 7/7
  2590 | D:3      | Noticed Jessica
  2948 | D:2      | Killed Jessica
  3369 | D:3      | HP: 1/40 [gnoll/+0 halberd (7)]
  3371 | D:3      | Reached XP level 5. HP: 1/46 MP: 8/8
  3374 | D:3      | Slain by a gnoll

Illustrated notes

Levels and vault maps discovered:
D:1:      dpeg_arrival_rooms_b, layout_loops_corners,
          shapermc_ecumenical_altar_acropolis, st_stairs_13, hex_tiny
D:2:      layout_rooms, basic_altar
D:3:      layout_rooms, uniq_jessica

Skill      XL: |  1  2  3  4 |
---------------+-------------+-----
Fighting       | 1 3 4 |  4.3
Stealth        | 3 |  3.6
Short Blades   | |  1.0
Dodging        | |  1.7
Spellcasting   | |  2.1
Hexes          | |  2.6

Action                   |  1- 3 |  4- 6 || total
-------------------------+-------+-------++-------
Melee: Dagger            |   142 |    73 ||   215
       Tailslap          |    11 |     9 ||    20
       Punch             |     3 |       ||     3
  Use: Scroll            |       |     5 ||     5
       Potion            |       |     1 ||     1
 Stab: Sleeping          |     4 |       ||     4
Armor: Skin              |    61 |    18 ||    79
Dodge: Dodged            |   105 |    58 ||   163

Table legend: (Time is in decaauts)
 A = Elapsed time spent in this place.
 B = Non-inter-level travel time spent in this place.
 C = Inter-level travel time spent in this place.
 D = Time resting spent in this place.
 E = Time spent auto-exploring this place.
 F = Levels seen in this place.
 G = Mean time per level.
                   A        B        C        D        E       F      G
               +--------+--------+--------+--------+--------+-----+--------+
         Total |   3369 |   3253 |    116 |   1151 |   1603 |   3 | 1123.0 |
       Dungeon |   3369 |   3253 |    116 |   1151 |   1603 |   3 | 1123.0 |
               +--------+--------+--------+--------+--------+-----+--------+

Top non-repeatable levels by time:
     D:2: 1665 daAuts
     D:1: 1060 daAuts
     D:3: 643 daAuts
